 Dungeon Crawl Stone Soup version 0.28-a0-1234-g826d19b2e0 (webtiles) character file.

Game seed: 11703596260048281515

2724 kipponium the Basher (level 9, -10/74 HPs)
             Began as a Gnoll Cinder Acolyte on Dec 23, 2021.
             Was a High Priest of Ignis.
             Mangled by a hornet (11 damage)
             ... on level 8 of the Dungeon.
             The game lasted 00:22:44 (10002 turns).

kipponium the Basher (Gnoll Cinder Acolyte)        Turns: 10002, Time: 00:22:46

Health: -10/74     AC:  4    Str: 14    XL:     9   Next: 67%
Magic:  10/17      EV: 13    Int: 15    God:    Ignis [*****.]
Gold:   459        SH:  0    Dex: 13    Spells: 16/18 levels left

rFire   + . .      SeeInvis +   f - +4 mace
rCold   . . .      Faith    .   (no shield)
rNeg    . . .      Spirit   .   P - +1 robe of Pyttiv {Rampage Will+ Dex+3 SInv}
rPois   .          Reflect  .   (no helmet)
rElec   .          Harm     .   (no cloak)
rCorr   .          Rampage  +   m - +0 pair of gloves
Will    +....                   (no boots)
Stlth   +++.......              D - amulet of regeneration
HPRegen 1.02/turn               (no ring)
MPRegen 0.15/turn               (no ring)

@: brilliant, lethally poisoned (-10 -> -15), slowed, very slow
A: fangs 1, strong nose, distributed training
a: Renounce Religion, Fiery Armour, Foxfire Swarm, Rising Flame


You were on level 8 of the Dungeon.
You worshipped Ignis.
Ignis was extremely pleased with you.
You visited 1 branch of the dungeon, and saw 8 of its levels.
You also visited: Ossuary.

You collected 459 gold pieces.

Inventory:

Hand Weapons
 a - a -1 mace of flaming
 f - a +4 mace (weapon)
 i - a +0 hunting sling
 j - a +1 short sword of venom
 p - the +10 broad axe "Porghoog" {freeze, rPois Dex+2}
   (You took it off a gnoll on level 4 of the Dungeon)

   It freezes those it strikes, dealing additional cold damage.
   It can also slow down cold-blooded creatures.
   Dex:       It affects your dexterity (+2).
   rPois:     It protects you from poison.
Missiles
 d - 11 boomerangs
 n - 88 sling bullets
 B - 103 bolts
 Q - 5 poisoned darts (quivered)
Armour
 b - a +0 robe
 m - a +0 pair of gloves (worn)
 F - +0 steam dragon scales
 P - the +1 robe of Pyttiv (worn) {Rampage Will+ Dex+3 SInv}
   (You found it on level 7 of the Dungeon)

   Dex:       It affects your dexterity (+3).
   SInv:      It lets you see invisible.
   Rampage:   It bestows one free step when moving towards enemies.
   Will:      It increases your willpower.
Jewellery
 D - an amulet of regeneration (around neck)
Wands
 z - a wand of iceblast (5)
 E - a wand of flame (20)
Scrolls
 e - a scroll of fog {unknown}
 t - 4 scrolls of teleportation
 w - 2 scrolls of magic mapping
 y - 2 scrolls of holy word
 G - 2 scrolls of enchant weapon {unknown}
 H - 2 scrolls of enchant armour {unknown}
 I - 2 scrolls of amnesia
 J - a scroll of summoning {unknown}
 K - a scroll of torment {unknown}
 L - 2 scrolls of immolation {unknown}
 M - 2 scrolls of identify
 N - a scroll of blinking
 R - 3 scrolls of fear {unknown}
Potions
 c - a potion of berserk rage {unknown}
 g - 6 potions of brilliance
 h - a potion of ambrosia {unknown}
 k - a potion of mutation {unknown}
 l - a potion of heal wounds {unknown}
 o - a potion of flight {unknown}
 q - 3 potions of curing {unknown}
 r - 4 potions of lignification {unknown}
 s - a potion of might {unknown}
 u - a potion of attraction {unknown}
 v - a potion of magic
 x - a potion of resistance {unknown}
 A - 2 potions of invisibility
 C - 2 potions of experience {unknown}
 O - a potion of cancellation {unknown}


   Skills:
 + Level 8.0 Fighting
 + Level 4.4 Short Blades
 + Level 4.4 Long Blades
 + Level 4.4 Axes
 + Level 8.0 Maces & Flails
 + Level 4.4 Polearms
 + Level 4.4 Staves
 + Level 4.4 Slings
 + Level 4.4 Bows
 + Level 4.4 Crossbows
 + Level 4.4 Throwing
 + Level 4.4 Armour
 + Level 4.4 Dodging
 + Level 4.4 Stealth
 + Level 4.4 Shields
 + Level 4.4 Unarmed Combat
 + Level 5.3 Spellcasting
 + Level 3.7 Conjurations
 + Level 3.7 Hexes
 + Level 3.7 Summonings
 + Level 3.7 Necromancy
 + Level 3.7 Translocations
 + Level 3.7 Transmutations
 + Level 6.6 Fire Magic
 + Level 3.7 Ice Magic
 + Level 3.7 Air Magic
 + Level 3.7 Earth Magic
 + Level 3.7 Poison Magic
 + Level 4.9 Invocations
 + Level 4.4 Evocations


You had 16 spell levels left.
You knew the following spells:

 Your Spells              Type           Power      Damage    Failure   Level
a - Scorch                Fire           72%        2d9       1%          2

Your spell library contained the following spells:

 Spells                   Type           Power      Damage    Failure   Level
 Animate Skeleton         Necr           44%        N/A       3%          1
 Apportation              Tloc           44%        N/A       3%          1
 Pain                     Necr           88%        1d8       3%          1
 Sandblast                Erth           44%        2d11      3%          1
 Passwall                 Tmut/Erth      18%        N/A       5%          2
 Stone Arrow              Conj/Erth      44%        3d9       11%         3
 Vampiric Draining        Necr           22%        2d7       11%         3
 Alistair's Intoxication  Tmut/Pois      14%        N/A       67%         5


Dungeon Overview and Level Annotations

Branches:
Dungeon (8/15)             Temple (0/1) D:5         Ossuary (visited)
   Lair: D:8-11

Altars:
Cheibriados
Kikubaaqudgha
Makhleb
Qazlal
Xom

Shops:
D:3 [[(:

Annotations:
D:7 1 runed translucent door, Crazy Yiuf


Innate Abilities, Weirdness & Mutations

You have very sharp teeth.
Your uncanny sense of smell can sniff out nearby items.
Your experience applies equally to all skills.


Message History

The hornet's fire resistance burns away.
Casting: Scorch (safe; 1% risk of failure)
Confirm with . or Enter, or press ? or * to list all spells.
Flames lash the wyvern zombie.
The wyvern zombie is lightly damaged.
The wyvern zombie's fire resistance burns away.
The hornet stings you!
You feel yourself slow down.
Casting: Scorch (safe; 1% risk of failure)
Confirm with . or Enter, or press ? or * to list all spells.
Flames lash the hornet.
The hornet is burned terribly!
The hornet is moderately wounded.
The hornet looks more healthy.
The hornet is no longer more vulnerable to fire.
The hornet stings you!
You feel as though you will be slow longer.
The hornet stings you!
You are poisoned.
You feel as though you will be slow longer.
Casting: Scorch (safe; 1% risk of failure)
Confirm with . or Enter, or press ? or * to list all spells.
Flames lash the wyvern zombie.
The wyvern zombie is burned terribly!
The wyvern zombie is moderately damaged.
You feel very sick. The hornet stings you!
* * * LOW HITPOINT WARNING * * *
You are more poisoned.
You suddenly lose the ability to move!
The hornet stings you!
* * * LOW HITPOINT WARNING * * *
You feel as though you will be slow longer.
The hornet stings you.
* * * LOW HITPOINT WARNING * * *
You feel as though you will be slow longer.
You can move again.
It was a potion of brilliance.
You feel clever all of a sudden.
* * * LOW HITPOINT WARNING * * *
You feel very sick.
The wyvern zombie is no longer more vulnerable to fire.
The hornet stings you!
You die...

......# .....# ....#
...######### #### #####
#.............#.##
<.....#.............#...
......#.............#...
.....Zy@............#...
.(...(#.............#...
(.... #............<#...
##.. #.............#...
#. #.....)########... ..
#......[........). .
#......#[....##...
#......#.....##..[
#......#..........


You could see a hornet and a wyvern zombie.

Vanquished Creatures
  A steam dragon (D:6)
  A sky beast (D:4)
  An ice beast (D:7)
  5 ogres
  2 centaurs
  2 phantoms (D:4)
  A kobold brigand (D:7)
  A scorpion (D:5)
  2 bullfrogs (D:7)
  6 wights (D:6)
  A howler monkey (D:5)
  A centaur zombie (D:6)
  A hound (D:5)
  An orc priest (D:5)
  A bullfrog zombie (D:6)
  A jelly (D:5)
  A gnoll shaman (D:8)
  A bullfrog skeleton (D:5)
  4 iguanas
  9 orc wizards
  A scorpion zombie (D:5)
  A hound zombie (D:5)
  A hound skeleton (D:5)
  14 mummies (Ossuary)
  8 gnolls
  8 adders
  8 river rats (D:5)
  A white imp (D:6)
  2 ufetubi (D:5)
  An adder skeleton (D:4)
  4 worms
  4 dart slugs
  18 orcs
  10 endoplasms
  6 goblins
  6 hobgoblins
  10 jackals
  10 kobolds
  5 quokkas (D:5)
  10 ball pythons
  9 bats
  5 frilled lizards
  2 gnoll skeletons (Ossuary)
  A goblin skeleton (Ossuary)
  A kobold skeleton (Ossuary)
  4 orc skeletons (Ossuary)
  18 rats
  11 rat skeletons (Ossuary)
222 creatures vanquished.

Notes
Turn   | Place    | Note
-------+----------+-------------------------------------------
     0 | D:1      | kipponium the Gnoll Cinder Acolyte began the quest for the
                  | Orb.
     0 | D:1      | Reached XP level 1. HP: 23/23 MP: 4/4
   426 | D:1      | Reached XP level 2. HP: 17/29 MP: 5/5
   478 | D:1      | Learned a level 2 spell: Scorch
   833 | D:1      | Found a faded altar of an unknown god.
  1058 | D:1      | Reached XP level 3. HP: 27/35 MP: 7/7
  1652 | D:2      | Reached skill level 1 in Invocations
  2073 | D:2      | Reached skill level 1 in Short Blades
  2073 | D:2      | Reached skill level 1 in Long Blades
  2073 | D:2      | Reached skill level 1 in Axes
  2073 | D:2      | Reached skill level 1 in Polearms
  2073 | D:2      | Reached skill level 1 in Staves
  2073 | D:2      | Reached skill level 1 in Slings
  2073 | D:2      | Reached skill level 1 in Bows
  2073 | D:2      | Reached skill level 1 in Crossbows
  2073 | D:2      | Reached skill level 1 in Throwing
  2073 | D:2      | Reached skill level 1 in Armour
  2073 | D:2      | Reached skill level 1 in Dodging
  2073 | D:2      | Reached skill level 1 in Stealth
  2073 | D:2      | Reached skill level 1 in Shields
  2073 | D:2      | Reached skill level 1 in Unarmed Combat
  2073 | D:2      | Reached skill level 1 in Evocations
  2249 | D:3      | Found Xuikirch's Armour Shop.
  2333 | D:3      | Found Fawoezxo's Antique Weapon Shoppe.
  2345 | D:3      | Found Gemys's Book Boutique.
  2350 | D:3      | Reached XP level 4. HP: 41/41 MP: 8/8
  2405 | D:3      | Found a snail-covered altar of Cheibriados.
  2577 | D:3      | Found Wioxel's Armour Shoppe.
  2743 | D:3      | Reached skill level 1 in Conjurations
  2743 | D:3      | Reached skill level 1 in Hexes
  2743 | D:3      | Reached skill level 1 in Summonings
  2743 | D:3      | Reached skill level 1 in Necromancy
  2743 | D:3      | Reached skill level 1 in Translocations
  2743 | D:3      | Reached skill level 1 in Transmutations
  2743 | D:3      | Reached skill level 1 in Ice Magic
  2743 | D:3      | Reached skill level 1 in Air Magic
  2743 | D:3      | Reached skill level 1 in Earth Magic
  2743 | D:3      | Reached skill level 1 in Poison Magic
  3012 | D:3      | Reached XP level 5. HP: 47/47 MP: 6/9
  3342 | D:3      | Found an ancient bone altar of Kikubaaqudgha.
  3421 | D:4      | Noticed a phantom
  3421 | D:4      | Noticed an ogre
  3798 | D:4      | Noticed a phantom
  3799 | D:4      | Identified the +10 broad axe "Porghoog" {freeze, rPois
                  | Dex+2}
  3823 | D:4      | Killed a phantom
  3824 | D:4      | Reached XP level 6. HP: 44/53 MP: 1/11
  3863 | D:4      | Found a sand-covered staircase.
  3919 | Ossuary  | Entered an ossuary
  4145 | Ossuary  | Reached XP level 7. HP: 59/59 MP: 6/12
  5591 | D:5      | Entered Level 5 of the Dungeon
  6237 | D:5      | Found a staircase to the Ecumenical Temple.
  6342 | D:5      | Found a burning altar of Makhleb.
  6362 | D:5      | Reached XP level 8. HP: 40/67 MP: 2/14
  7513 | D:6      | Found a shimmering altar of Xom.
  7683 | D:6      | Reached XP level 9. HP: 60/72 MP: 9/16
  7912 | D:6      | Reached skill level 5 in Spellcasting
  8237 | D:6      | Found a stormy altar of Qazlal.
  8905 | D:7      | Found a runed translucent door.
  8906 | D:7      | Noticed Crazy Yiuf
  8952 | D:7      | Identified the +1 robe of Pyttiv {Rampage Will+ Dex+3 SInv}
  9980 | D:8      | Noticed a hornet
 10001 | D:8      | Paralysed by a hornet for 1 turns
 10002 | D:8      | HP: 1/74 [poisoned by a hornet]
 10002 | D:8      | Mangled by a hornet

Illustrated notes

Levels and vault maps discovered:
D:1:      minmay_arrival_split_and_join, layout_basic,
          shapermc_ecumenical_altar_mp_vishouse, minmay_heptomino_w4
D:2:      layout_basic, serial_forest, infiniplex_forest_corner_1,
          infiniplex_forest_clump_small, infiniplex_forest_clump_double,
          infiniplex_forest_straight_4, infiniplex_forest_end_double,
          infiniplex_forest_fountain, infiniplex_forest_end_3,
          infiniplex_forest_lined_corner, minmay_misc_feat_five, minivault_19,
          feat_on_display
D:3:      minmay_razor_zed, layout_rooms, mainiacjoe_overflow_chevrons,
          lemuel_coloured_pillars_altar, serial_shops,
          nicolae_shop_behind_doors, shop_fountains,
          nicolae_shop_advertising_works [nicolae_subvault_shop_adworks],
          nicolae_shop_statue_plus
D:4:      layout_basic, nicolae_ossuary_entry_monument
D:5:      lemuel_ratsnest, layout_loops_ring, nicolae_overflow_crystal_walls,
          minmay_temple_entry_fiery
D:6:      layout_cave_pools, amcnicky_altar_gilded,
          nicolae_qazlal_style_of_elements
D:7:      layout_basic, minmay_misc_feat_x, uniq_crazy_yiuf_cottage
D:8:      layout_gridville, nicolae_gozag_zags_fifth_avenue, serial_shops,
          nicolae_shop_statue_plus, kennysheep_generic_room_4

Skill      XL: |  1  2  3  4  5  6  7  8  9 |
---------------+----------------------------+-----
Invocations    | 1 2 3 4 |  4.9
Short Blades   | 1 2 3 4 |  4.4
Long Blades    | 1 2 3 4 |  4.4
Axes           | 1 2 3 4 |  4.4
Polearms       | 1 2 3 4 |  4.4
Staves         | 1 2 3 4 |  4.4
Slings         | 1 2 3 4 |  4.4
Bows           | 1 2 3 4 |  4.4
Crossbows      | 1 2 3 4 |  4.4
Throwing       | 1 2 3 4 |  4.4
Armour         | 1 2 3 4 |  4.4
Dodging        | 1 2 3 4 |  4.4
Stealth        | 1 2 3 4 |  4.4
Shields        | 1 2 3 4 |  4.4
Unarmed Combat | 1 2 3 4 |  4.4
Evocations     | 1 2 3 4 |  4.4
Spellcasting   | 3 4 5 |  5.3
Conjurations   | 1 2 3 |  3.7
Hexes          | 1 2 3 |  3.7
Summonings     | 1 2 3 |  3.7
Necromancy     | 1 2 3 |  3.7
Translocations | 1 2 3 |  3.7
Transmutations | 1 2 3 |  3.7
Ice Magic      | 1 2 3 |  3.7
Air Magic      | 1 2 3 |  3.7
Earth Magic    | 1 2 3 |  3.7
Poison Magic   | 1 2 3 |  3.7
Fighting       | 7 8 |  8.0
Maces & Flails | 7 8 |  8.0
Fire Magic     | 6 |  6.6

Action                   |  1- 3 |  4- 6 |  7- 9 || total
-------------------------+-------+-------+-------++-------
Melee: Mace              |   100 |   108 |   260 ||   468
       Bite              |     4 |     5 |    19 ||    28
       Punch             |     1 |     1 |     6 ||     8
Throw: Boomerang         |     1 |       |     4 ||     5
       Dart              |       |       |     3 ||     3
 Cast: Scorch            |     3 |    34 |   145 ||   182
Invok: Fiery Armour      |       |     1 |       ||     1
  Use: Scroll            |       |     4 |     5 ||     9
       Potion            |       |       |     1 ||     1
 Stab: Sleeping          |     3 |     1 |     1 ||     5
Armor: Robe              |    19 |    39 |    42 ||   100
       Steam dragon scal |       |       |     6 ||     6
Dodge: Dodged            |    49 |    70 |   179 ||   298

Table legend: (Time is in decaauts)
 A = Elapsed time spent in this place.
 B = Non-inter-level travel time spent in this place.
 C = Inter-level travel time spent in this place.
 D = Time resting spent in this place.
 E = Time spent auto-exploring this place.
 F = Levels seen in this place.
 G = Mean time per level.
                   A        B        C        D        E       F      G
               +--------+--------+--------+--------+--------+-----+--------+
         Total |  10032 |   9445 |    587 |   3289 |   4173 |   9 | 1114.7 |
       Dungeon |   8921 |   8334 |    587 |   2508 |   4147 |   8 | 1115.1 |
       Ossuary |   1111 |   1111 |      0 |    781 |     26 |   1 | 1111.0 |
               +--------+--------+--------+--------+--------+-----+--------+

Top non-repeatable levels by time:
     D:1: 1445 daAuts
     D:5: 1364 daAuts
     D:4: 1357 daAuts
     D:3: 1323 daAuts
     D:7: 1132 daAuts
 Ossuary: 1111 daAuts
     D:6: 1105 daAuts
     D:2: 883 daAuts
     D:8: 309 daAuts
